Mustangs vs Ice Dragons
Created - January 26, 2020 at 19:16
Goals
|
| Mustangs |
0 |
1 |
1 |
2 |
| Ice Dragons |
2 |
2 |
2 |
6 |
|
Shots
|
| Mustangs |
4 |
6 |
9 |
19 |
| Ice Dragons |
19 |
8 |
18 |
45 |
|
1st period
1. Ice Dragons , Logan MacMillan 9 (Corban Knight 24, Alex Plante 4) at 4:53
2. Ice Dragons , Brian Boyle 20 (Jordan LaVallee 27) at 17:18
Penalties :
Chris Wagner (Kin) for Hooking (Minor) at 0:44, Brandon Kozun (Kin) for Interference (Minor) at 8:55, Melker Karlsson (Ham) for High sticking (Minor) at 13:32, Dakota Mermis (Ham) for Cross-checking (Minor) at 19:51
2nd period
3. Ice Dragons , Michael Ferland 2 (Emil Pettersson 3) at 2:08
4. Ice Dragons , Chris Wagner 6 (Brayden McNabb 26, Kevin Connauton 14) at 3:10
5. Mustangs , Josh Jooris 17 (Alexei Marchenko 30) at 10:58
Penalties :
Brian Boyle (Kin) for Hooking (Minor) at 3:25, Sam Kurker (Ham) for Hooking (Minor) at 15:01
3rd period
6. Ice Dragons , Corban Knight 22 (Chris Wagner 6) at 9:27
7. Ice Dragons , Sam Carrick 15 (Kevin Connauton 15, William Carrier 16) at 10:28
8. Mustangs , Melker Karlsson 25 (Alexei Marchenko 31) at 11:03
Penalties :
Craig Smith (Ham) for Goalie Interference (Minor) at 0:34, Brayden McNabb (Kin) for Holding Stick (Minor) at 13:04
Goalie Stats
Chet Pickard (Ham), 39 saves from 45 shots - (0.867), L, 17-10-0, 60:00 minutes
Oscar Dansk (Kin), 17 saves from 19 shots - (0.895), W, 2-3-0, 60:00 minutes
Players Stats for Mustangs
Player Name G A P +/- PIM S H SB GA TA FO MP PP MP PK MP
------------------------------------------------------------------------------------
Alexei Marchenko 0 2 2 1 0 1 1 2 0 0 0/0 28:34 4:20 3:56
Andrew O'Brien 0 0 0 -5 0 1 0 3 0 1 0/0 22:12 3:36 3:41
Ben Harpur 0 0 0 -4 0 1 0 0 1 0 0/0 21:59 3:36 4:15
Chrstian Dvorak 0 0 0 -1 0 0 0 1 0 0 0/0 9:08 0:00 0:00
Craig Smith 0 0 0 -1 2 1 1 1 0 1 0/1 15:22 3:13 0:00
Dakota Mermis 0 0 0 -1 2 0 0 0 0 0 0/0 12:34 0:00 2:38
Damon Severson 0 0 0 2 0 2 3 1 1 0 0/0 24:50 4:20 0:37
Danny Biega 0 0 0 -1 0 1 0 1 0 2 0/0 9:58 0:00 0:45
Iven Barbashev 0 0 0 -1 0 0 1 0 0 0 2/5 9:08 0:00 0:00
Jonathan Drouin 0 0 0 -1 0 1 3 1 3 0 1/1 17:43 4:43 0:00
Josh Jooris 1 0 1 -1 0 4 0 1 3 0 1/2 22:12 4:43 4:19
JT Compher 0 0 0 -1 0 1 2 1 1 0 1/1 15:39 3:13 0:18
Max Gortz 0 0 0 -1 0 0 0 1 0 0 0/0 7:39 0:00 0:00
Melker Karlsson 1 0 1 -1 2 3 4 1 1 1 18/35 22:30 4:43 3:01
Nick Schmaltz 0 0 0 -1 0 0 0 0 0 0 0/5 10:42 0:00 0:59
Sam Kurker 0 0 0 -1 2 1 2 1 0 0 0/0 9:17 0:00 0:00
Stefan Matteau 0 0 0 -1 0 1 1 1 0 1 3/15 19:32 3:13 3:56
Tuomo Ruutu 0 0 0 -1 0 1 0 0 0 0 0/0 13:01 0:00 3:19
Players Stats for Ice Dragons
Player Name G A P +/- PIM S H SB GA TA FO MP PP MP PK MP
------------------------------------------------------------------------------------
Alex Plante 0 1 1 2 0 2 1 0 0 0 0/0 10:58 0:00 0:34
Brandon Kozun 0 0 0 1 2 1 2 0 0 1 0/1 18:09 4:16 0:00
Brayden McNabb 0 1 1 1 2 2 0 1 2 3 0/0 28:13 4:53 3:30
Brian Boyle 1 0 1 1 2 3 1 0 0 0 23/32 21:20 4:15 3:21
Chris Wagner 1 1 2 1 2 2 2 1 0 1 0/0 15:25 3:24 0:00
Corban Knight 1 1 2 1 0 5 1 0 0 1 7/9 18:14 3:24 2:45
Emil Pettersson 0 1 1 1 0 1 2 0 1 0 3/7 8:08 0:00 0:00
Jordan LaVallee 0 1 1 1 0 6 2 0 1 0 4/12 22:05 4:12 4:27
Juho Lammikko 0 0 0 1 0 1 1 0 0 0 0/0 8:08 0:00 0:00
Justin Shugg 0 0 0 1 0 1 1 0 0 0 0/0 10:10 0:07 0:00
Kevin Connauton 0 2 2 1 0 3 1 2 0 3 0/0 28:58 4:53 3:43
Logan MacMillan 1 0 1 1 0 4 2 0 1 0 0/0 17:40 3:24 2:10
Michael Ferland 1 0 1 1 0 3 0 0 0 0 1/2 9:45 0:00 1:37
Mike Reilly 0 0 0 1 0 6 0 3 0 1 0/0 20:04 3:03 3:39
Robin Norell 0 0 0 2 0 0 0 1 0 0 0/0 10:58 0:00 0:34
Sam Carrick 1 0 1 1 0 3 2 0 0 0 1/1 11:04 0:26 0:09
Samuel Groulx 0 0 0 1 0 1 0 0 1 0 0/0 20:48 3:03 3:52
William Carrier 0 1 1 1 0 1 1 0 0 0 0/1 11:53 0:20 1:23
3 Stars
1 - Corban Knight (Kin)
2 - Chris Wagner (Kin)
3 - Logan MacMillan (Kin)
Power Play
Mustangs - 0 on 4 Attempt(s) - 0.00%
Ice Dragons - 0 on 4 Attempt(s) - 0.00%
Penalty Kill
Mustangs - 4 on 4 Attempt(s) - 100.00%
- Score 0 goal in Penalty Kill
Ice Dragons - 4 on 4 Attempt(s) - 100.00%
- Score 0 goal in Penalty Kill
Team Stat
Mustangs - Hits : 18 - Faceoff Wins : 26 - Blocked Shots : 16 - Penalty Minutes : 8
Ice Dragons - Hits : 19 - Faceoff Wins : 39 - Blocked Shots : 8 - Penalty Minutes : 8
Official
Referees : Unknown
Linesman : Unknown
Game Notes
No Game Note
Finance
Level 1 -- Attendance: 1438 (71.90%) -- Ticket Income $57,520
Level 2 -- Attendance: 724 (72.40%) -- Ticket Income $14,480
Total Attendance: 2162 (72.07%)
Total Ticket Income: $72,000
Other Income: $3,600
Total Income: $75,600
Mustangs
5 vs 5 Forward
Center Left Wing Right Wing Time % Phy DF OF
1 Melker Karlsson Jonathan Drouin Josh Jooris 40 1 2 2
2 Stefan Matteau JT Compher Craig Smith 30 1 2 2
3 Nick Schmaltz Tuomo Ruutu Max Gortz 20 1 2 2
4 Iven Barbashev Chrstian Dvorak Sam Kurker 10 1 2 2
5 vs 5 Defense
Defense Defense Time % Phy DF OF
1 Alexei Marchenko Damon Severson 44 1 2 2
2 Ben Harpur Andrew O'Brien 33 1 2 2
3 Dakota Mermis Danny Biega 23 1 2 2
4 Alexei Marchenko Damon Severson 0 1 2 2
PowerPlay Forward
Center Left Wing Right Wing Time % Phy DF OF
1 Melker Karlsson Jonathan Drouin Josh Jooris 60 1 2 2
2 Stefan Matteau JT Compher Craig Smith 40 1 2 2
PowerPlay Defense
Defense Defense Time % Phy DF OF
1 Alexei Marchenko Damon Severson 60 1 2 2
2 Ben Harpur Andrew O'Brien 40 1 2 2
Penalty Kill 4 Players Forward
Center Wing Time % Phy DF OF
1 Melker Karlsson Josh Jooris 60 1 2 2
2 Stefan Matteau Tuomo Ruutu 40 1 2 2
Penalty Kill 4 Players Defense
Defense Defense Time % Phy DF OF
1 Alexei Marchenko Ben Harpur 60 1 2 2
2 Dakota Mermis Andrew O'Brien 40 1 2 2
Penalty Kill - 3 Players Forward
Forward Time % Phy DF OF
1 Melker Karlsson 60 1 2 2
2 Stefan Matteau 40 1 2 2
Penalty Kill - 3 Players Defense
Defense Defense Time % Phy DF OF
1 Alexei Marchenko Ben Harpur 60 1 2 2
2 Dakota Mermis Andrew O'Brien 40 1 2 2
4 vs 4 Forward
Center Wing Time % Phy DF OF
1 Melker Karlsson Josh Jooris 60 1 2 2
2 Stefan Matteau JT Compher 40 1 2 2
4 vs 4 Defense
Defense Defense Time % Phy DF OF
1 Alexei Marchenko Damon Severson 60 1 2 2
2 Ben Harpur Andrew O'Brien 40 1 2 2
Last Minutes Offensive
Center Left Wing Right Wing Defense Defense
Melker Karlsson Jonathan Drouin Josh Jooris Alexei Marchenko Damon Severson
Last Minutes Defensive
Center Left Wing Right Wing Defense Defense
Melker Karlsson Chrstian Dvorak Josh Jooris Alexei Marchenko Ben Harpur
Goaltenders
Starting : Chet Pickard
Backup : Anthony Stolarz
Extra Forwards
Normal : Melker Karlsson, Stefan Matteau, Nick Schmaltz - PP : Josh Jooris, Tuomo Ruutu - PK : Melker Karlsson
Extra Defensemen
Normal : Alexei Marchenko, Ben Harpur, Danny Biega - PP : Damon Severson - PK : Alexei Marchenko, Andrew O'Brien
Penalty Shots
Josh Jooris, Melker Karlsson, Stefan Matteau, JT Compher, Jonathan Drouin
Scratches
Ryan Graves (Healthy), Curtis Hamilton (Healthy), Matthew Finn (Healthy), Jim O'Brien (Healthy), Kurtis Gabriel (Healthy)
Raphael Bussieres (Healthy), Michael McCarron (Healthy), Josh Ho-Sang (Healthy), Brett Pollock (Healthy), Steven Spinner (Healthy)
Joacim Eriksson (Healthy)
Ice Dragons
5 vs 5 Forward
Center Left Wing Right Wing Time % Phy DF OF
1 Brian Boyle Jordan LaVallee Brandon Kozun 40 1 2 2
2 Corban Knight Logan MacMillan Chris Wagner 30 1 2 2
3 Sam Carrick William Carrier Justin Shugg 20 1 2 2
4 Emil Pettersson Michael Ferland Juho Lammikko 10 1 2 2
5 vs 5 Defense
Defense Defense Time % Phy DF OF
1 Brayden McNabb Kevin Connauton 40 1 2 2
2 Samuel Groulx Mike Reilly 30 1 2 2
3 Alex Plante Robin Norell 20 1 2 2
4 Brayden McNabb Kevin Connauton 10 1 2 2
PowerPlay Forward
Center Left Wing Right Wing Time % Phy DF OF
1 Brian Boyle Jordan LaVallee Brandon Kozun 60 1 2 2
2 Corban Knight Logan MacMillan Chris Wagner 40 1 2 2
PowerPlay Defense
Defense Defense Time % Phy DF OF
1 Brayden McNabb Kevin Connauton 60 1 2 2
2 Samuel Groulx Mike Reilly 40 1 2 2
Penalty Kill 4 Players Forward
Center Wing Time % Phy DF OF
1 Jordan LaVallee Brian Boyle 60 1 2 2
2 Corban Knight Logan MacMillan 40 1 2 2
Penalty Kill 4 Players Defense
Defense Defense Time % Phy DF OF
1 Brayden McNabb Kevin Connauton 60 1 2 2
2 Samuel Groulx Mike Reilly 40 1 2 2
Penalty Kill - 3 Players Forward
Forward Time % Phy DF OF
1 Jordan LaVallee 60 1 2 2
2 Brian Boyle 40 1 2 2
Penalty Kill - 3 Players Defense
Defense Defense Time % Phy DF OF
1 Brayden McNabb Kevin Connauton 60 1 2 2
2 Samuel Groulx Mike Reilly 40 1 2 2
4 vs 4 Forward
Center Wing Time % Phy DF OF
1 Jordan LaVallee Brian Boyle 60 1 2 2
2 Corban Knight Logan MacMillan 40 1 2 2
4 vs 4 Defense
Defense Defense Time % Phy DF OF
1 Brayden McNabb Kevin Connauton 60 1 2 2
2 Samuel Groulx Mike Reilly 40 1 2 2
Last Minutes Offensive
Center Left Wing Right Wing Defense Defense
Brian Boyle Jordan LaVallee Brandon Kozun Brayden McNabb Kevin Connauton
Last Minutes Defensive
Center Left Wing Right Wing Defense Defense
Brian Boyle Jordan LaVallee Brandon Kozun Brayden McNabb Kevin Connauton
Goaltenders
Starting : Oscar Dansk
Backup : Harru Sateri
Extra Forwards
Normal : Sam Carrick, William Carrier, Michael Ferland - PP : Sam Carrick, William Carrier - PK : Michael Ferland
Extra Defensemen
Normal : Alex Plante, Robin Norell, Samuel Groulx - PP : Alex Plante - PK : Robin Norell, Samuel Groulx
Penalty Shots
Jordan LaVallee, Brian Boyle, Corban Knight, Logan MacMillan, Brandon Kozun
Scratches
Thomas Gobeil (Healthy), Theodor Blueger (Healthy), Alex Henriksson (Healthy), Cole Ully (Healthy), Adam Clendening (Healthy)
Christian Djoos (Healthy), Billy Sweat (Healthy)
% Time on Ice - Mustangs
Lines # - Real PCT - Wanted PCT - Time Play
Normal Forward
1 - 35% - 40% - 15:21
2 - 27% - 30% - 12:00
3 - 17% - 20% - 7:39
4 - 21% - 10% - 9:08
Normal Defense
1 - 45% - 44% - 20:00
2 - 34% - 33% - 14:55
3 - 21% - 23% - 9:13
4 - 0% - 0% - 0:00
PP Forward
1 - 59% - 60% - 4:43
2 - 41% - 40% - 3:13
PP Defense
1 - 55% - 60% - 4:20
2 - 45% - 40% - 3:36
PK Forward
1 - 79% - 60% - 6:17
2 - 21% - 40% - 1:39
PK Defense
1 - 54% - 60% - 4:15
2 - 46% - 40% - 3:41
PK3 Forward
1 - 0% - 60%
2 - 0% - 40%
PK3 Defense
1 - 0% - 60%
2 - 0% - 40%
44 Forward
1 - 0% - 60%
2 - 0% - 40%
44 Defense
1 - 0% - 60%
2 - 0% - 40%
Last Minute Offensive - 0:00
Last Minute Defensive - 0:00
Total
Forward - 60:00
Defense - 60:00
|
% Time on Ice - Ice Dragons
Lines # - Real PCT - Wanted PCT - Time Play
Normal Forward
1 - 31% - 40% - 13:52
2 - 27% - 30% - 12:05
3 - 23% - 20% - 10:03
4 - 18% - 10% - 8:08
Normal Defense
1 - 41% - 40% - 18:09
2 - 30% - 30% - 13:22
3 - 24% - 20% - 10:24
4 - 5% - 10% - 2:13
PP Forward
1 - 57% - 60% - 4:32
2 - 43% - 40% - 3:24
PP Defense
1 - 62% - 60% - 4:53
2 - 38% - 40% - 3:03
PK Forward
1 - 75% - 60% - 5:59
2 - 25% - 40% - 1:57
PK Defense
1 - 54% - 60% - 4:17
2 - 46% - 40% - 3:39
PK3 Forward
1 - 0% - 60%
2 - 0% - 40%
PK3 Defense
1 - 0% - 60%
2 - 0% - 40%
44 Forward
1 - 0% - 60%
2 - 0% - 40%
44 Defense
1 - 0% - 60%
2 - 0% - 40%
Last Minute Offensive - 0:00
Last Minute Defensive - 0:00
Total
Forward - 60:00
Defense - 60:00
|
Play-by-Play
1st period
0:01 of 1st period - Melker Karlsson wins face-off versus Brian Boyle in neutral zone.
0:38 of 1st period - Snap shot by JT Compher.
0:38 of 1st period - Shot Misses the Net.
0:44 of 1st period - Minor Penalty to Chris Wagner for Hooking.
0:45 of 1st period - Melker Karlsson wins face-off versus Jordan LaVallee in Ice Dragons zone.
1:57 of 1st period - Icing by Jonathan Drouin.
1:58 of 1st period - Melker Karlsson wins face-off versus Jordan LaVallee in Mustangs zone.
2:02 of 1st period - Off-side.
2:03 of 1st period - Corban Knight wins face-off versus Melker Karlsson in neutral zone.
2:19 of 1st period - Icing by Alexei Marchenko.
2:20 of 1st period - Melker Karlsson wins face-off versus Jordan LaVallee in Mustangs zone.
2:44 of 1st period - Penalty to Chris Wagner is over, Chris Wagner is back on ice.
2:45 of 1st period - Slapshot by Josh Jooris.
2:45 of 1st period - Stopped by Oscar Dansk without a rebound.
2:46 of 1st period - Brian Boyle wins face-off versus Stefan Matteau in Ice Dragons zone.
2:53 of 1st period - Wrist shot by Jordan LaVallee.
2:53 of 1st period - Stopped by Chet Pickard with a rebound.
2:55 of 1st period - Snap shot by Mike Reilly.
2:55 of 1st period - Stopped by Chet Pickard without a rebound.
2:56 of 1st period - Stefan Matteau wins face-off versus Jordan LaVallee in Mustangs zone.
3:06 of 1st period - Slapshot by Jordan LaVallee.
3:06 of 1st period - Shot Blocked by JT Compher.
3:08 of 1st period - Snap shot by Jordan LaVallee.
3:08 of 1st period - Stopped by Chet Pickard without a rebound.
3:09 of 1st period - Melker Karlsson wins face-off versus William Carrier in Mustangs zone.
3:14 of 1st period - Justin Shugg is hit by Jonathan Drouin and loses puck.
4:29 of 1st period - Snap shot by Logan MacMillan.
4:29 of 1st period - Stopped by Chet Pickard with a rebound.
4:31 of 1st period - Slapshot by Alex Plante.
4:31 of 1st period - Stopped by Chet Pickard with a rebound.
4:53 of 1st period - Snap shot by Logan MacMillan.
4:53 of 1st period - Goal by Logan MacMillan - Mustangs : 0 - Ice Dragons : 1.
4:54 of 1st period - Brian Boyle wins face-off versus Nick Schmaltz in neutral zone.
6:06 of 1st period - Wrist shot by Josh Jooris.
6:06 of 1st period - Stopped by Oscar Dansk with a rebound.
8:33 of 1st period - Wrist shot by Corban Knight.
8:33 of 1st period - Shot Misses the Net.
8:35 of 1st period - Snap shot by Corban Knight.
8:35 of 1st period - Deflect By Logan MacMillan.
8:35 of 1st period - Stopped by Chet Pickard with a rebound.
8:37 of 1st period - Backhand shot by Brayden McNabb.
8:37 of 1st period - Deflect By Corban Knight.
8:37 of 1st period - Shot Misses the Net.
8:37 of 1st period - Puck is out of play.
8:38 of 1st period - Brian Boyle wins face-off versus Melker Karlsson in Mustangs zone.
8:47 of 1st period - Slapshot by Jordan LaVallee.
8:47 of 1st period - Shot Blocked by Melker Karlsson.
8:55 of 1st period - Minor Penalty to Brandon Kozun for Interference.
8:56 of 1st period - Jordan LaVallee wins face-off versus Melker Karlsson in Ice Dragons zone.
8:56 of 1st period - Jordan LaVallee is hit by Jonathan Drouin.
9:02 of 1st period - Slapshot by Jordan LaVallee.
9:02 of 1st period - Stopped by Chet Pickard without a rebound.
9:03 of 1st period - Josh Jooris wins face-off versus Jordan LaVallee in Mustangs zone.
9:08 of 1st period - Wrist shot by Jordan LaVallee.
9:08 of 1st period - Stopped by Chet Pickard without a rebound.
9:09 of 1st period - Melker Karlsson wins face-off versus Jordan LaVallee in Mustangs zone.
9:24 of 1st period - Slapshot by Damon Severson.
9:24 of 1st period - Shot Blocked by Kevin Connauton.
9:47 of 1st period - Slapshot by Damon Severson.
9:47 of 1st period - Shot Blocked by Mike Reilly.
10:17 of 1st period - Wrist shot by Corban Knight.
10:17 of 1st period - Stopped by Chet Pickard with a rebound.
10:55 of 1st period - Penalty to Brandon Kozun is over, Brandon Kozun is back on ice.
11:05 of 1st period - Snap shot by Sam Carrick.
11:05 of 1st period - Stopped by Chet Pickard without a rebound.
11:06 of 1st period - Sam Carrick wins face-off versus Nick Schmaltz in Mustangs zone.
11:09 of 1st period - Backhand shot by Sam Carrick.
11:09 of 1st period - Shot Blocked by Danny Biega.
11:11 of 1st period - Wrist shot by Justin Shugg.
11:11 of 1st period - Shot Misses the Net.
11:13 of 1st period - Snap shot by Justin Shugg.
11:13 of 1st period - Stopped by Chet Pickard with a rebound.
11:15 of 1st period - Wrist shot by Sam Carrick.
11:15 of 1st period - Stopped by Chet Pickard without a rebound.
11:16 of 1st period - Brian Boyle wins face-off versus Melker Karlsson in Mustangs zone.
11:50 of 1st period - Snap shot by Tuomo Ruutu.
11:50 of 1st period - Shot Misses the Net.
12:16 of 1st period - Snap shot by Sam Kurker.
12:16 of 1st period - Stopped by Oscar Dansk with a rebound.
12:36 of 1st period - Wrist shot by JT Compher.
12:36 of 1st period - Shot Misses the Net.
13:10 of 1st period - Snap shot by Corban Knight.
13:10 of 1st period - Shot Blocked by Max Gortz.
13:12 of 1st period - Slapshot by Mike Reilly.
13:12 of 1st period - Stopped by Chet Pickard with a rebound.
13:14 of 1st period - Snap shot by Corban Knight.
13:14 of 1st period - Deflect By Chris Wagner.
13:14 of 1st period - Shot Blocked by Andrew O'Brien.
13:14 of 1st period - Puck is out of play.
13:15 of 1st period - Corban Knight wins face-off versus Stefan Matteau in Mustangs zone.
13:28 of 1st period - Slapshot by Logan MacMillan.
13:28 of 1st period - Stopped by Chet Pickard without a rebound.
13:29 of 1st period - Brian Boyle wins face-off versus Melker Karlsson in Mustangs zone.
13:30 of 1st period - Snap shot by Jordan LaVallee.
13:30 of 1st period - Shot Misses the Net.
13:32 of 1st period - Minor Penalty to Melker Karlsson for High sticking.
13:33 of 1st period - Brian Boyle wins face-off versus Stefan Matteau in Mustangs zone.
14:18 of 1st period - Slapshot by Alexei Marchenko.
14:18 of 1st period - Deflect By Tuomo Ruutu.
14:18 of 1st period - Shot Misses the Net.
14:18 of 1st period - Puck is out of play.
14:19 of 1st period - Jordan LaVallee wins face-off versus Nick Schmaltz in Ice Dragons zone.
14:23 of 1st period - Off-side.
14:24 of 1st period - Brian Boyle wins face-off versus Nick Schmaltz in neutral zone.
14:59 of 1st period - Wrist shot by Corban Knight.
14:59 of 1st period - Shot Misses the Net.
15:32 of 1st period - Penalty to Melker Karlsson is over, Melker Karlsson is back on ice.
15:54 of 1st period - Sam Carrick is hit by Melker Karlsson and loses puck.
16:12 of 1st period - Sam Carrick is hit by Melker Karlsson and loses puck.
16:29 of 1st period - Melker Karlsson is hit by Sam Carrick and loses puck.
16:52 of 1st period - Damon Severson is hit by Justin Shugg.
17:08 of 1st period - Snap shot by Melker Karlsson.
17:08 of 1st period - Stopped by Oscar Dansk without a rebound.
17:09 of 1st period - Brian Boyle wins face-off versus Stefan Matteau in Ice Dragons zone.
17:14 of 1st period - Slapshot by Brayden McNabb.
17:14 of 1st period - Stopped by Chet Pickard without a rebound.
17:15 of 1st period - Brian Boyle wins face-off versus Stefan Matteau in Mustangs zone.
17:18 of 1st period - Wrist shot by Brian Boyle.
17:18 of 1st period - Goal by Brian Boyle - Mustangs : 0 - Ice Dragons : 2.
17:19 of 1st period - Brian Boyle wins face-off versus Stefan Matteau in neutral zone.
17:46 of 1st period - Corban Knight is hit by Iven Barbashev and loses puck.
18:07 of 1st period - Wrist shot by Brayden McNabb.
18:07 of 1st period - Stopped by Chet Pickard without a rebound.
18:08 of 1st period - Emil Pettersson wins face-off versus Stefan Matteau in Mustangs zone.
19:26 of 1st period - Slapshot by Kevin Connauton.
19:26 of 1st period - Stopped by Chet Pickard with a rebound.
19:51 of 1st period - Minor Penalty to Dakota Mermis for Cross-checking.
19:52 of 1st period - Melker Karlsson wins face-off versus Jordan LaVallee in Mustangs zone.
Goals for this period are 0 for Mustangs vs 2 for Ice Dragons.
Shots for this period are 4 for Mustangs vs 19 for Ice Dragons.
2nd period
0:01 of 2nd period - Brian Boyle wins face-off versus Melker Karlsson in neutral zone.
0:12 of 2nd period - Snap shot by Brandon Kozun.
0:12 of 2nd period - Shot Misses the Net.
0:14 of 2nd period - Wrist shot by Brandon Kozun.
0:14 of 2nd period - Stopped by Chet Pickard with a rebound.
0:16 of 2nd period - Slapshot by Brayden McNabb.
0:16 of 2nd period - Shot Blocked by Josh Jooris.
0:33 of 2nd period - Ben Harpur is hit by Chris Wagner and loses puck.
1:51 of 2nd period - Penalty to Dakota Mermis is over, Dakota Mermis is back on ice.
1:53 of 2nd period - Alexei Marchenko is hit by Brandon Kozun and loses puck.
2:06 of 2nd period - Wrist shot by Michael Ferland.
2:06 of 2nd period - Shot Blocked by Andrew O'Brien.
2:08 of 2nd period - Snap shot by Michael Ferland.
2:08 of 2nd period - Goal by Michael Ferland - Mustangs : 0 - Ice Dragons : 3.
2:09 of 2nd period - Corban Knight wins face-off versus Melker Karlsson in neutral zone.
2:16 of 2nd period - Slapshot by Corban Knight.
2:16 of 2nd period - Shot Misses the Net.
2:18 of 2nd period - Slapshot by Kevin Connauton.
2:18 of 2nd period - Deflect By Logan MacMillan.
2:18 of 2nd period - Shot Misses the Net.
2:18 of 2nd period - Puck is out of play.
2:19 of 2nd period - Melker Karlsson wins face-off versus Corban Knight in Mustangs zone.
2:33 of 2nd period - Snap shot by Josh Jooris.
2:33 of 2nd period - Shot Misses the Net.
3:04 of 2nd period - Wrist shot by Logan MacMillan.
3:04 of 2nd period - Shot Misses the Net.
3:06 of 2nd period - Wrist shot by Kevin Connauton.
3:06 of 2nd period - Stopped by Chet Pickard with a rebound.
3:08 of 2nd period - Slapshot by Brayden McNabb.
3:08 of 2nd period - Deflect By Chris Wagner.
3:08 of 2nd period - Stopped by Chet Pickard with a rebound.
3:10 of 2nd period - Snap shot by Chris Wagner.
3:10 of 2nd period - Goal by Chris Wagner - Mustangs : 0 - Ice Dragons : 4.
3:11 of 2nd period - Stefan Matteau wins face-off versus Brian Boyle in neutral zone.
3:20 of 2nd period - Wrist shot by Stefan Matteau.
3:20 of 2nd period - Stopped by Oscar Dansk without a rebound.
3:21 of 2nd period - Brian Boyle wins face-off versus Stefan Matteau in Ice Dragons zone.
3:25 of 2nd period - Minor Penalty to Brian Boyle for Hooking.
3:26 of 2nd period - Melker Karlsson wins face-off versus Jordan LaVallee in Ice Dragons zone.
3:51 of 2nd period - Brayden McNabb is hit by Stefan Matteau and loses puck.
4:02 of 2nd period - Slapshot by JT Compher.
4:02 of 2nd period - Shot Misses the Net.
5:25 of 2nd period - Penalty to Brian Boyle is over, Brian Boyle is back on ice.
5:43 of 2nd period - Wrist shot by Ben Harpur.
5:43 of 2nd period - Deflect By Sam Carrick.
5:43 of 2nd period - Stopped by Oscar Dansk with a rebound.
6:49 of 2nd period - Damon Severson is hit by Emil Pettersson and loses puck.
7:34 of 2nd period - Danny Biega is hit by Juho Lammikko.
7:58 of 2nd period - Damon Severson is hit by Logan MacMillan and loses puck.
8:43 of 2nd period - Chrstian Dvorak is hit by Brian Boyle and loses puck.
9:25 of 2nd period - Snap shot by Sam Carrick.
9:25 of 2nd period - Shot Misses the Net.
9:37 of 2nd period - Mike Reilly is hit by Alexei Marchenko and loses puck.
9:48 of 2nd period - Wrist shot by Sam Carrick.
9:48 of 2nd period - Shot Blocked by Jonathan Drouin.
10:25 of 2nd period - Robin Norell is hit by Sam Kurker and loses puck.
10:50 of 2nd period - Snap shot by Corban Knight.
10:50 of 2nd period - Stopped by Chet Pickard without a rebound.
10:51 of 2nd period - Corban Knight wins face-off versus Melker Karlsson in Mustangs zone.
10:58 of 2nd period - Slapshot by Alexei Marchenko.
10:58 of 2nd period - Deflect By Josh Jooris.
10:58 of 2nd period - Goal by Josh Jooris - Mustangs : 1 - Ice Dragons : 4.
10:59 of 2nd period - Jordan LaVallee wins face-off versus Melker Karlsson in neutral zone.
11:29 of 2nd period - Stefan Matteau is hit by Logan MacMillan.
11:33 of 2nd period - Snap shot by Corban Knight.
11:33 of 2nd period - Shot Hit the Post.
12:03 of 2nd period - Danny Biega is hit by Brandon Kozun and loses puck.
12:08 of 2nd period - Wrist shot by Brandon Kozun.
12:08 of 2nd period - Shot Blocked by Sam Kurker.
12:10 of 2nd period - Wrist shot by Mike Reilly.
12:10 of 2nd period - Stopped by Chet Pickard without a rebound.
12:11 of 2nd period - Melker Karlsson wins face-off versus Brian Boyle in Mustangs zone.
12:11 of 2nd period - Melker Karlsson is hit by Jordan LaVallee.
12:19 of 2nd period - Slapshot by Damon Severson.
12:19 of 2nd period - Shot Misses the Net.
13:12 of 2nd period - Wrist shot by William Carrier.
13:12 of 2nd period - Shot Misses the Net.
13:22 of 2nd period - Slapshot by Andrew O'Brien.
13:22 of 2nd period - Stopped by Oscar Dansk without a rebound.
13:23 of 2nd period - Emil Pettersson wins face-off versus Iven Barbashev in Ice Dragons zone.
13:47 of 2nd period - Juho Lammikko is hit by Sam Kurker and loses puck.
14:15 of 2nd period - Mike Reilly is hit by Damon Severson and loses puck.
14:34 of 2nd period - Slapshot by Damon Severson.
14:34 of 2nd period - Shot Blocked by Mike Reilly.
14:40 of 2nd period - Slapshot by Iven Barbashev.
14:40 of 2nd period - Shot Misses the Net.
15:01 of 2nd period - Minor Penalty to Sam Kurker for Hooking.
15:02 of 2nd period - Melker Karlsson wins face-off versus Brandon Kozun in Mustangs zone.
15:36 of 2nd period - Snap shot by Corban Knight.
15:36 of 2nd period - Shot Misses the Net.
15:38 of 2nd period - Wrist shot by Corban Knight.
15:38 of 2nd period - Stopped by Chet Pickard with a rebound.
17:01 of 2nd period - Penalty to Sam Kurker is over, Sam Kurker is back on ice.
17:35 of 2nd period - Icing by Alexei Marchenko.
17:36 of 2nd period - Melker Karlsson wins face-off versus Brian Boyle in Mustangs zone.
17:49 of 2nd period - Slapshot by Damon Severson.
17:49 of 2nd period - Shot Misses the Net.
17:51 of 2nd period - Slapshot by Damon Severson.
17:51 of 2nd period - Stopped by Oscar Dansk with a rebound.
17:53 of 2nd period - Slapshot by Alexei Marchenko.
17:53 of 2nd period - Shot Misses the Net.
17:55 of 2nd period - Slapshot by Alexei Marchenko.
17:55 of 2nd period - Stopped by Oscar Dansk with a rebound.
17:57 of 2nd period - Wrist shot by Chrstian Dvorak.
17:57 of 2nd period - Shot Misses the Net.
17:59 of 2nd period - Snap shot by Nick Schmaltz.
17:59 of 2nd period - Shot Blocked by Mike Reilly.
18:01 of 2nd period - Slapshot by Damon Severson.
18:01 of 2nd period - Deflect By Chrstian Dvorak.
18:01 of 2nd period - Shot Blocked by Chris Wagner.
18:01 of 2nd period - Puck is out of play.
18:02 of 2nd period - Melker Karlsson wins face-off versus Brian Boyle in Ice Dragons zone.
18:05 of 2nd period - Wrist shot by Melker Karlsson.
18:05 of 2nd period - Shot Hit the Post.
18:08 of 2nd period - Icing by Brian Boyle.
18:09 of 2nd period - Melker Karlsson wins face-off versus Brian Boyle in Ice Dragons zone.
18:10 of 2nd period - Wrist shot by Jonathan Drouin.
18:10 of 2nd period - Shot Blocked by Kevin Connauton.
18:16 of 2nd period - Jonathan Drouin is hit by Kevin Connauton and loses puck.
19:23 of 2nd period - Wrist shot by Brian Boyle.
19:23 of 2nd period - Shot Misses the Net.
19:25 of 2nd period - Backhand shot by Jordan LaVallee.
19:25 of 2nd period - Shot Blocked by Alexei Marchenko.
19:38 of 2nd period - Off-side.
19:39 of 2nd period - Jonathan Drouin wins face-off versus Emil Pettersson in neutral zone.
19:46 of 2nd period - Off-side.
19:47 of 2nd period - Brian Boyle wins face-off versus Stefan Matteau in neutral zone.
Goals for this period are 1 for Mustangs vs 2 for Ice Dragons.
Shots for this period are 6 for Mustangs vs 8 for Ice Dragons.
3rd period
0:01 of 3rd period - Brian Boyle wins face-off versus Melker Karlsson in neutral zone.
0:12 of 3rd period - Snap shot by Jordan LaVallee.
0:12 of 3rd period - Stopped by Chet Pickard with a rebound.
0:32 of 3rd period - Snap shot by Corban Knight.
0:32 of 3rd period - Stopped by Chet Pickard with a rebound.
0:34 of 3rd period - Minor Penalty to Craig Smith for Goalie Interference.
0:35 of 3rd period - Brian Boyle wins face-off versus Melker Karlsson in Mustangs zone.
1:38 of 3rd period - Andrew O'Brien is hit by Jordan LaVallee and loses puck.
2:34 of 3rd period - Penalty to Craig Smith is over, Craig Smith is back on ice.
2:43 of 3rd period - Snap shot by Michael Ferland.
2:43 of 3rd period - Stopped by Chet Pickard without a rebound.
2:44 of 3rd period - Iven Barbashev wins face-off versus Emil Pettersson in Mustangs zone.
3:11 of 3rd period - Alex Plante is hit by Craig Smith.
3:38 of 3rd period - Icing by Tuomo Ruutu.
3:39 of 3rd period - Corban Knight wins face-off versus Nick Schmaltz in Mustangs zone.
3:57 of 3rd period - Wrist shot by Tuomo Ruutu.
3:57 of 3rd period - Shot Misses the Net.
3:59 of 3rd period - Wrist shot by Tuomo Ruutu.
3:59 of 3rd period - Stopped by Oscar Dansk with a rebound.
4:05 of 3rd period - Wrist shot by Max Gortz.
4:05 of 3rd period - Deflect By Tuomo Ruutu.
4:05 of 3rd period - Shot Blocked by Brayden McNabb.
4:05 of 3rd period - Puck is out of play.
4:06 of 3rd period - Melker Karlsson wins face-off versus Brian Boyle in Ice Dragons zone.
4:49 of 3rd period - Off-side.
4:50 of 3rd period - Corban Knight wins face-off versus Iven Barbashev in neutral zone.
5:26 of 3rd period - Brandon Kozun is hit by Melker Karlsson.
5:40 of 3rd period - Wrist shot by JT Compher.
5:40 of 3rd period - Stopped by Oscar Dansk with a rebound.
6:06 of 3rd period - Wrist shot by Corban Knight.
6:06 of 3rd period - Deflect By Logan MacMillan.
6:06 of 3rd period - Shot Blocked by Stefan Matteau.
6:06 of 3rd period - Puck is out of play.
6:07 of 3rd period - Brian Boyle wins face-off versus Josh Jooris in Mustangs zone.
6:34 of 3rd period - Mike Reilly is hit by Damon Severson and loses puck.
6:47 of 3rd period - Damon Severson is hit by Alex Plante and loses puck.
7:42 of 3rd period - Wrist shot by Melker Karlsson.
7:42 of 3rd period - Shot Misses the Net.
7:48 of 3rd period - Slapshot by Kevin Connauton.
7:48 of 3rd period - Shot Blocked by Damon Severson.
7:50 of 3rd period - Slapshot by Kevin Connauton.
7:50 of 3rd period - Stopped by Chet Pickard without a rebound.
7:51 of 3rd period - Melker Karlsson wins face-off versus Brian Boyle in Mustangs zone.
8:00 of 3rd period - Slapshot by Josh Jooris.
8:00 of 3rd period - Shot Misses the Net.
8:16 of 3rd period - Wrist shot by Corban Knight.
8:16 of 3rd period - Shot Misses the Net.
8:18 of 3rd period - Slapshot by Chris Wagner.
8:18 of 3rd period - Shot Misses the Net.
8:20 of 3rd period - Snap shot by Alex Plante.
8:20 of 3rd period - Stopped by Chet Pickard without a rebound.
8:21 of 3rd period - JT Compher wins face-off versus Corban Knight in Mustangs zone.
8:54 of 3rd period - Slapshot by JT Compher.
8:54 of 3rd period - Shot Blocked by Robin Norell.
8:56 of 3rd period - Slapshot by Danny Biega.
8:56 of 3rd period - Stopped by Oscar Dansk without a rebound.
8:57 of 3rd period - Brian Boyle wins face-off versus Melker Karlsson in Ice Dragons zone.
9:08 of 3rd period - Snap shot by Jonathan Drouin.
9:08 of 3rd period - Stopped by Oscar Dansk with a rebound.
9:22 of 3rd period - Nick Schmaltz is hit by Chris Wagner and loses puck.
9:27 of 3rd period - Wrist shot by Corban Knight.
9:27 of 3rd period - Goal by Corban Knight - Mustangs : 1 - Ice Dragons : 5.
9:28 of 3rd period - Brian Boyle wins face-off versus Melker Karlsson in neutral zone.
9:53 of 3rd period - Melker Karlsson is hit by William Carrier and loses puck.
10:28 of 3rd period - Wrist shot by Sam Carrick.
10:28 of 3rd period - Goal by Sam Carrick - Mustangs : 1 - Ice Dragons : 6.
10:29 of 3rd period - Brian Boyle wins face-off versus Stefan Matteau in neutral zone.
10:35 of 3rd period - Off-side.
10:36 of 3rd period - Brian Boyle wins face-off versus Stefan Matteau in neutral zone.
10:41 of 3rd period - Slapshot by Mike Reilly.
10:41 of 3rd period - Shot Blocked by Craig Smith.
10:43 of 3rd period - Slapshot by Mike Reilly.
10:43 of 3rd period - Stopped by Chet Pickard with a rebound.
10:45 of 3rd period - Slapshot by Samuel Groulx.
10:45 of 3rd period - Shot Misses the Net.
10:47 of 3rd period - Backhand shot by Mike Reilly.
10:47 of 3rd period - Stopped by Chet Pickard with a rebound.
10:49 of 3rd period - Slapshot by Mike Reilly.
10:49 of 3rd period - Deflect By Damon Severson.
10:49 of 3rd period - Stopped by Chet Pickard with a rebound.
10:51 of 3rd period - Slapshot by Brian Boyle.
10:51 of 3rd period - Stopped by Chet Pickard without a rebound.
10:52 of 3rd period - Corban Knight wins face-off versus Melker Karlsson in Mustangs zone.
11:03 of 3rd period - Snap shot by Melker Karlsson.
11:03 of 3rd period - Goal by Melker Karlsson - Mustangs : 2 - Ice Dragons : 6.
11:04 of 3rd period - Brian Boyle wins face-off versus Melker Karlsson in neutral zone.
11:19 of 3rd period - Slapshot by Melker Karlsson.
11:19 of 3rd period - Stopped by Oscar Dansk with a rebound.
11:29 of 3rd period - Damon Severson is hit by Corban Knight.
11:54 of 3rd period - Andrew O'Brien is hit by Sam Carrick and loses puck.
12:48 of 3rd period - Slapshot by Brayden McNabb.
12:48 of 3rd period - Shot Blocked by Alexei Marchenko.
13:04 of 3rd period - Minor Penalty to Brayden McNabb for Holding Stick.
13:05 of 3rd period - Jordan LaVallee wins face-off versus Melker Karlsson in Ice Dragons zone.
13:05 of 3rd period - Jordan LaVallee is hit by Jonathan Drouin.
13:31 of 3rd period - Brian Boyle is hit by Damon Severson and loses puck.
14:20 of 3rd period - Icing by Ben Harpur.
14:21 of 3rd period - Michael Ferland wins face-off versus Stefan Matteau in Mustangs zone.
14:22 of 3rd period - Slapshot by William Carrier.
14:22 of 3rd period - Stopped by Chet Pickard with a rebound.
14:24 of 3rd period - Snap shot by Michael Ferland.
14:24 of 3rd period - Stopped by Chet Pickard without a rebound.
14:25 of 3rd period - Stefan Matteau wins face-off versus Michael Ferland in Mustangs zone.
14:32 of 3rd period - Michael Ferland is hit by JT Compher and loses puck.
15:04 of 3rd period - Penalty to Brayden McNabb is over, Brayden McNabb is back on ice.
15:40 of 3rd period - Off-side.
15:41 of 3rd period - Iven Barbashev wins face-off versus Emil Pettersson in neutral zone.
15:43 of 3rd period - Off-side.
15:44 of 3rd period - Emil Pettersson wins face-off versus Iven Barbashev in neutral zone.
15:49 of 3rd period - Slapshot by Emil Pettersson.
15:49 of 3rd period - Shot Blocked by Chrstian Dvorak.
15:59 of 3rd period - Wrist shot by Juho Lammikko.
15:59 of 3rd period - Stopped by Chet Pickard without a rebound.
16:00 of 3rd period - Brian Boyle wins face-off versus Melker Karlsson in Mustangs zone.
16:01 of 3rd period - Snap shot by Jordan LaVallee.
16:01 of 3rd period - Deflect By Brian Boyle.
16:01 of 3rd period - Stopped by Chet Pickard without a rebound.
16:02 of 3rd period - Melker Karlsson wins face-off versus Brian Boyle in Mustangs zone.
16:40 of 3rd period - Snap shot by Corban Knight.
16:40 of 3rd period - Shot Misses the Net.
16:50 of 3rd period - Snap shot by Michael Ferland.
16:50 of 3rd period - Deflect By Emil Pettersson.
16:50 of 3rd period - Stopped by Chet Pickard with a rebound.
16:54 of 3rd period - Slapshot by Emil Pettersson.
16:54 of 3rd period - Shot Blocked by Andrew O'Brien.
16:56 of 3rd period - Slapshot by Samuel Groulx.
16:56 of 3rd period - Stopped by Chet Pickard without a rebound.
16:57 of 3rd period - Melker Karlsson wins face-off versus Emil Pettersson in Mustangs zone.
16:57 of 3rd period - Melker Karlsson is hit by Emil Pettersson.
17:03 of 3rd period - Emil Pettersson is hit by Melker Karlsson and loses puck.
17:08 of 3rd period - Snap shot by Melker Karlsson.
17:08 of 3rd period - Deflect By Josh Jooris.
17:08 of 3rd period - Stopped by Oscar Dansk with a rebound.
17:10 of 3rd period - Slapshot by Jonathan Drouin.
17:10 of 3rd period - Shot Misses the Net.
17:12 of 3rd period - Snap shot by Josh Jooris.
17:12 of 3rd period - Shot Misses the Net.
17:44 of 3rd period - Slapshot by Damon Severson.
17:44 of 3rd period - Stopped by Oscar Dansk with a rebound.
17:52 of 3rd period - Slapshot by Corban Knight.
17:52 of 3rd period - Shot Misses the Net.
17:54 of 3rd period - Slapshot by Kevin Connauton.
17:54 of 3rd period - Shot Misses the Net.
18:06 of 3rd period - Wrist shot by Sam Carrick.
18:06 of 3rd period - Shot Misses the Net.
18:48 of 3rd period - Snap shot by Craig Smith.
18:48 of 3rd period - Stopped by Oscar Dansk without a rebound.
18:49 of 3rd period - Brian Boyle wins face-off versus Craig Smith in Ice Dragons zone.
19:38 of 3rd period - Samuel Groulx is hit by JT Compher and loses puck.
19:59 of 3rd period - Wrist shot by Jordan LaVallee.
19:59 of 3rd period - Stopped by Chet Pickard with a rebound.
Goals for this period are 1 for Mustangs vs 2 for Ice Dragons.
Shots for this period are 9 for Mustangs vs 18 for Ice Dragons.
Back to the Top